 Dungeon Crawl Stone Soup version 0.29.1-2-gbd0b4ee654 (webtiles) character file.

Game seed: 9252718287107322885

21178 raph the Tainter (level 12, -11/53 HPs)
             Began as a Felid Venom Mage on Oct 24, 2022.
             Was a Believer of Elyvilon.
             Mangled by an orc warrior
             ... wielding a +0 flail
              (20 damage)
             ... on level 2 of the Orcish Mines.
             The game lasted 01:11:09 (37563 turns).

raph the Tainter (Felid Venom Mage)                Turns: 37563, Time: 01:11:09

Health: -11/53     AC:  3    Str:  4    XL:     12   Next: 51%
Magic:  26/26      EV: 23    Int: 21    God:    Elyvilon [**....]
Gold:   669        SH:  0    Dex: 17    Spells: 0/30 levels left
                                        Lives:  0   Deaths: 4

rFire   . . .      SeeInvis +   (weapon unavailable)
rCold   + . .      Faith    .   (shield unavailable)
rNeg    + . .      Spirit   .   (body armour unavailable)
rPois   .          Reflect  .   (helmet unavailable)
rElec   .          Harm     .   (cloak unavailable)
rCorr   .          Rampage  .   (gloves unavailable)
Will    +....                   (boots unavailable)
Stlth   +.........              I - amulet of the acrobat
HPRegen 0.17/turn               e - ring of positive energy
MPRegen 0.20/turn               g - ring of wizardry

@: confused, ambrosia-drunk, quick
A: very small, claws 1, fangs 3, see invisible, speed 1, shaggy fur 3, stealthy
paws, no weapons or thrown items, no armour, multi-lived
a: Renounce Religion, Purification, Heal Other


You were on level 2 of the Orcish Mines.
You worshipped Elyvilon.
Elyvilon was pleased with you.
You visited 3 branches of the dungeon, and saw 18 of its levels.

You collected 1734 gold pieces.
You spent 1065 gold pieces at shops.

Inventory:

Jewellery
 a - a ring of protection from cold
 e - a ring of positive energy (left paw)
 g - a ring of wizardry (right paw)
 l - an amulet of faith
 q - a +6 ring of strength
 y - an amulet of guardian spirit
 A - a ring of flight
 B - an amulet of reflection
 I - an amulet of the acrobat (around neck)
Wands
 k - a wand of digging (4)
 r - a wand of polymorph (15)
 C - a wand of iceblast (8)
 G - a wand of charming (11)
 H - a wand of flame (15)
 J - a wand of light (7)
Scrolls
 j - 4 scrolls of teleportation
 m - 7 scrolls of fear
 n - 2 scrolls of blinking
 o - 2 scrolls of butterflies
 s - 2 scrolls of magic mapping
 u - a scroll of amnesia
 w - a scroll of silence
 x - 4 scrolls of identify
Potions
 b - 3 potions of brilliance
 c - 5 potions of attraction
 d - 3 potions of flight
 f - 2 potions of cancellation
 h - a potion of curing
 i - a potion of ambrosia
 p - 3 potions of berserk rage
 t - 5 potions of haste
 v - a potion of might
 z - 5 potions of lignification
 F - a potion of resistance
Miscellaneous
 D - a phial of floods
 E - a lightning rod (4/4)


   Skills:
 - Level 6.7 Fighting
 - Level 9.3 Dodging
 - Level 2.6 Stealth
 - Level 9.6 Spellcasting
 - Level 6.1 Conjurations
 - Level 11.2 Hexes
 - Level 6.0 Summonings
 - Level 5.8 Translocations
 + Level 10.7 Transmutations
 - Level 11.7 Poison Magic
 - Level 9.2 Invocations


You couldn't memorise any spells.
You knew the following spells:

 Your Spells              Type           Power      Damage    Failure   Level
a - Sting                 Tmut/Pois      100%       1d8       1%          1
b - Poisonous Vapours     Pois/Air       68%        N/A       1%          2
c - Mephitic Cloud        Conj/Pois/Air  35%        N/A       1%          3
d - Olgreb's Toxic Radia  Pois           56%        N/A       1%          4
e - Dragon Form           Tmut           26%        N/A       26%         7
f - Blink                 Tloc           68%        N/A       1%          2
g - Dazzling Flash        Conj/Hex       92%        N/A       1%          3
h - Summon Ice Beast      Ice/Summ       22%        N/A       8%          4
i - Ice Form              Ice/Tmut       32%        N/A       3%          4

Your spell library contained the following spells:

 Spells                   Type           Power      Damage    Failure   Level
 Beastly Appendage        Tmut           100%       N/A       1%          1
 Wereblood                Tmut           53%        N/A       1%          2
 Spider Form              Tmut/Pois      55%        N/A       1%          3
 Blade Hands              Tmut           26%        N/A       1%          5
 Passage of Golubria      Tloc           34%        N/A       2%          4
 Irradiate                Conj/Tmut      22%        3d19      2%          5
 Manifold Assault         Tloc           34%        N/A       7%          5
 Silence                  Hex/Air        16%        N/A       8%          5
 Frozen Ramparts          Ice            20%        1d4       9%          3
 Agony                    Necr           10%        N/A       56%         5
 Storm Form               Tmut/Air       16%        N/A       91%         7
 Ozocubu's Refrigeration  Ice            5%         4d8       100%        7
 Ignition                 Fire           5%         3d4       100%        8
 Lehudib's Crystal Spear  Conj/Erth      11%        10d4      100%        8


Dungeon Overview and Level Annotations

Branches:
Dungeon (11/15)            Temple (0/1) D:4            Lair (5/5) D:11
 Shoals (0/4) Lair:3       Spider (0/4) Lair:3        Slime (0/5) Lair:4
    Orc (2/2) D:9             Elf (0/3) Orc:2

Altars:
Ashenzari
Cheibriados
Dithmenos
Elyvilon
Fedhas
Kikubaaqudgha
Makhleb
Nemelex Xobeh
Okawaru
Qazlal
Trog
Uskayaw
Xom

Shops:
D:1 *(=[   D:5 (   D:9 *

Annotations:
D:6 exclusion: ice beast
D:8 exclusion: hornet
D:10 2 runed translucent doors, diceflayer's ghost, journeyman DsFi
Lair:4 3 runed translucent doors, exclusion: oklob plant, Aricsoirch's ghost, journeyman GrFi
Lair:5 2 runed translucent doors


Innate Abilities, Weirdness & Mutations

You have sharp claws.
You have razor-sharp teeth.
You have supernaturally acute eyesight. (SInv)
You cover ground quickly. (Speed+)
Your thick and shaggy fur keeps you warm. (AC +3, rC+)
Your paws help you pounce on unaware monsters.
You are incapable of wielding weapons or throwing items.
You cannot wear armour.
You gain extra lives every three experience levels.


Message History

The orc warrior looks as sick as possible!
You feel a bit more experienced.
The orc warrior shoots a bolt.
The bolt completely misses you.
Okay, then.
The orc looks even sicker.
The orc knight looks as sick as possible!
Your toxic aura wanes.
The orc knight roars a battlecry!
Your ice beast barely misses the orc knight.
Casting: Olgreb's Toxic Radiance (safe; 1% risk of failure)
Confirm with . or Enter, or press ? or * to list all spells.
You don't have enough magic to cast this spell.
You are confused.
You feel invigorated.
You kill the orc!
You kill the orc knight!
An orc comes into view. It is wielding a +0 flail.
Your ice beast barely misses the orc warrior.
Your ice beast disappears in a puff of smoke!
The orc knight roars a battlecry!
A warg comes into view.
You're too confused to move!
The warg howls!
You hear a shout!
An ogre comes into view. It is wielding a +0 giant club.
The orc knight roars a battlecry!
The orc warrior hits you with a +0 mace!!
Ouch! That really hurt!
* * * LOW HITPOINT WARNING * * *
You're too confused to move!
An orc comes into view. It is wielding a +0 falchion.
The orc warrior hits you with a +0 mace!
Elyvilon protects you from harm! The orc warrior closely misses you.
The orc shouts!
You scratch the orc warrior but do no damage.
The orc warrior is heavily wounded.
You feel a bit more experienced. The orc warrior completely misses you.
The orc warrior hits you with a +0 mace.
* * * LOW HITPOINT WARNING * * *
The orc warrior hits you with a +0 flail!!
You die...

#..$<..).#o.[.....
##.#....#.........
##...............
##.......o......
#...O....o......
###..#o..#.......
##.#)..hoo.....,,.
#..o)o##.....,,,,#
#@oo.##,.....,,,*#
##o..##*,....,,,,*
##...#**,,..,,,,*
##.## *,,,.**,**
### **,****** ***


You could see an orc knight (strong), a warg, 4 orc warriors, an ogre and 2
orcs.

Vanquished Creatures
  A boulder beetle (D:11)
  4 two-headed ogres
  A catoblepas (Lair:4)
  3 death yaks
  A lindwurm (Lair:5)
  2 orc knights
  3 cyclopes
  A manticore (D:11)
  2 merfolk sirens (Lair:3)
  12 elephants
  A black mamba (Lair:5)
  Maggie (Lair:2)
  3 cane toads
  13 komodo dragons
  3 rime drakes
  A kobold demonologist (D:11)
  An unseen horror (D:10)
  A polar bear (Lair:5)
  3 trolls
  2 merfolk (Lair:3)
  Prince Ribbit (D:8)
  16 blink frogs
  Sigmund (D:4)
  5 dream sheep (Lair:5)
  55 yaks
  7 basilisks
  4 wyverns
  2 steam dragons
  A redback (Lair:3)
  A warg (D:9)
  2 water moccasins
  2 hell hounds (Lair:5)
  25 orc warriors
  A sky beast (D:7)
  3 black bears
  6 ogres
  2 centaurs
  4 kobold brigands
  2 scorpions
  8 bullfrogs
  A gnoll sergeant (D:9)
  17 killer bees
  An electric eel (Lair:3)
  4 lava snakes (Lair:5)
  2 howler monkeys
  A hound (D:4)
  A jelly (D:4)
  18 orc priests
  A gnoll bouda (D:5)
  An iguana (D:5)
  15 orc wizards
  6 hell rats (Lair:3)
  Terence (D:2)
  9 adders
  7 gnolls
  A shadow imp (D:6)
  A white imp (D:6)
  2 ufetubi
  2 worms
  2 dart slugs
  44 orcs
  7 ball pythons
  8 bats
  5 endoplasms
  10 giant cockroaches
  8 goblins
  7 hobgoblins
  2 jackals
  3 quokkas
  3 frilled lizards
  19 kobolds
  A rat (D:2)
417 creatures vanquished.

Vanquished Creatures (collateral kills)
  Erica (Lair:2)
  A death yak (Lair:5)
  A cyclops (Orc:1)
  2 molten gargoyles (Lair:5)
  A cane toad (Lair:2)
  A dream sheep (Lair:5)
  A blink frog (Lair:5)
  A wraith (D:11)
  2 yaks
  A water moccasin (Lair:4)
  A hell hound (Lair:5)
  A bullfrog (Lair:2)
14 creatures vanquished.

Vanquished Creatures (others)
  3 death yaks
  A blink frog (Lair:4)
  A basilisk (Lair:4)
  A bullfrog (Lair:4)
  A hell rat (Lair:4)
  53 fungi
  59 plants
119 creatures vanquished.

Grand Total: 550 creatures vanquished

Notes
Turn   | Place    | Note
-------+----------+-------------------------------------------
     0 | D:1      | raph the Felid Venom Mage began the quest for the Orb.
     0 | D:1      | Reached XP level 1. HP: 7/7 MP: 4/4
   107 | D:1      | Reached XP level 2. HP: 11/11 MP: 0/6
   165 | D:1      | Learned a level 2 spell: Poisonous Vapours
  1201 | D:1      | Found Qiuff's Assorted Antiques.
  1211 | D:1      | Bought a scroll labelled BARUEMN JOZAR for 17 gold pieces
  1497 | D:1      | Reached XP level 3. HP: 14/14 MP: 4/7
  1684 | D:1      | Found Ekoox's Antique Armour Shoppe.
  1700 | D:1      | Found Xuwkatath's Jewellery Emporium.
  1831 | D:1      | Found Targhin's Weapon Shop.
  1903 | D:1      | Learned a level 3 spell: Mephitic Cloud
  2470 | D:2      | Noticed Terence
  2485 | D:2      | Killed Terence
  2512 | D:2      | Reached XP level 4. HP: 9/18 MP: 0/8
  3173 | D:2      | Found a white marble altar of Elyvilon.
  3196 | D:2      | Became a worshipper of Elyvilon the Healer
  4271 | D:3      | Reached * piety under Elyvilon
  4297 | D:3      | Reached XP level 5. HP: 21/21 MP: 4/10
  4766 | D:3      | Learned a level 4 spell: Olgreb's Toxic Radiance
  5116 | D:4      | Found a sand-covered staircase.
  5131 | D:4      | Found a staircase to the Ecumenical Temple.
  5145 | D:4      | Identified the +7 quarterstaff of Puakhuno {speed, rF+}
  5156 | D:4      | Reached skill level 5 in Poison Magic
  5196 | D:4      | Gained mutation: You are covered in thick fur. (AC +2)
                  | [Felid growth]
  5196 | D:4      | Reached XP level 6. HP: 11/24 MP: 3/12
  5792 | D:4      | Noticed Sigmund
  5866 | D:5      | Entered Level 5 of the Dungeon
  5866 | D:5      | Reached ** piety under Elyvilon
  6229 | D:5      | Learned a level 3 spell: Spider Form
  7140 | D:5      | Found Qievem's Weapon Shop.
  7501 | D:6      | Noticed an ice beast
  7561 | D:6      | Found a broken altar of Ashenzari.
  7777 | D:6      | Reached XP level 7. HP: 27/27 MP: 7/14
  7865 | D:6      | Learned a level 2 spell: Blink
  7893 | D:6      | Reached *** piety under Elyvilon
  8259 | D:7      | Found a sparkling altar of Nemelex Xobeh.
  8270 | D:7      | Found a burning altar of Makhleb.
  8383 | D:7      | Elyvilon protects you from harm!
  8385 | D:7      | Reached skill level 1 in Invocations
  9179 | D:7      | Found a hide-covered altar of Uskayaw.
  9197 | D:7      | Found a shimmering altar of Xom.
  9207 | D:7      | Reached skill level 5 in Spellcasting
  9210 | D:7      | Reached XP level 8. HP: 23/31 MP: 8/16
  9296 | D:7      | Identified the +7 sling of Insomnia {freeze, rC+++ Will+
                  | Int-5 Dex+4}
  9956 | D:6      | Found a blossoming altar of Fedhas.
  9970 | D:6      | Found an iron altar of Okawaru.
  9973 | D:6      | Found a snail-covered altar of Cheibriados.
  9976 | D:6      | Found a bloodstained altar of Trog.
 10178 | D:8      | Noticed a hornet
 10710 | D:8      | Reached XP level 9. HP: 34/34 MP: 11/18
 10764 | D:8      | Reached skill level 5 in Transmutations
 10956 | D:8      | Found a shadowy altar of Dithmenos.
 11146 | D:8      | Reached **** piety under Elyvilon
 11424 | D:9      | Noticed a two-headed ogre
 11440 | D:9      | Noticed a kobold demonologist
 11445 | D:9      | Noticed a smoke demon
 11466 | D:9      | Elyvilon protects you from harm!
 11467 | D:10     | Entered Level 10 of the Dungeon
 11994 | D:10     | Learned a level 3 spell: Dazzling Flash
 12023 | D:10     | Reached skill level 1 in Hexes
 12023 | D:10     | Reached skill level 1 in Translocations
 12092 | D:10     | Reached skill level 5 in Invocations
 12357 | D:10     | Found a large runed translucent door.
 12357 | D:10     | Found a large runed translucent door.
 12388 | D:10     | Noticed an unseen horror
 12402 | D:10     | Elyvilon protects you from harm!
 12405 | D:10     | Killed an unseen horror
 12406 | D:10     | Reached XP level 10. HP: 8/37 MP: 7/21
 13045 | D:9      | Noticed a two-headed ogre
 13266 | D:10     | Found an ancient bone altar of Kikubaaqudgha.
 13356 | D:10     | Noticed a gargoyle
 13424 | D:9      | Killed a two-headed ogre
 13446 | D:9      | Killed from afar by an orc priest
 13447 | D:9      | Reached XP level 9. HP: -3/34 MP: 12/20
 13701 | D:9      | Found Viatuj's Changing Room.
 13718 | D:9      | Killed a two-headed ogre
 13719 | D:9      | Reached skill level 5 in Hexes
 13729 | D:9      | Reached skill level 5 in Translocations
 13918 | D:9      | Reached XP level 10. HP: 37/37 MP: 1/21
 14520 | D:9      | Found a stormy altar of Qazlal.
 14649 | D:9      | Found a staircase to the Orcish Mines.
 15009 | D:8      | Noticed Prince Ribbit
 15027 | D:8      | Killed Prince Ribbit
 15028 | D:8      | Reached skill level 10 in Poison Magic
 15881 | D:1      | Bought an amulet of reflection for 420 gold pieces
 15930 | D:1      | Bought a scroll of fear for 68 gold pieces
 16040 | D:4      | Killed Sigmund
 16969 | D:10     | Noticed diceflayer's ghost (journeyman DsFi)
 16992 | D:11     | Noticed a rust devil
 16994 | D:11     | Noticed a cyclops
 17266 | D:11     | Reached ***** piety under Elyvilon
 17464 | D:11     | Noticed a two-headed ogre
 17504 | D:11     | Killed a two-headed ogre
 17634 | D:11     | Reached skill level 1 in Fighting
 17687 | D:11     | Found a staircase to the Lair.
 17711 | D:11     | Noticed a boulder beetle
 17732 | D:11     | Noticed a manticore
 17735 | D:11     | Killed a boulder beetle
 17735 | D:11     | Elyvilon protects you from harm!
 17736 | D:11     | Reached skill level 1 in Conjurations
 17736 | D:11     | Killed from afar by a manticore
 17737 | D:11     | Reached XP level 9. HP: -3/35 MP: 1/21
 18020 | D:11     | Killed a cyclops
 18152 | D:11     | Noticed a cyclops
 18168 | D:11     | Killed a cyclops
 18169 | D:11     | Reached XP level 10. HP: 22/40 MP: 6/22
 18308 | D:11     | Noticed a two-headed ogre
 18320 | D:11     | Killed a two-headed ogre
 18484 | D:11     | Noticed a deep elf pyromancer
 18713 | D:11     | Killed a manticore
 18924 | D:11     | Learned a level 4 spell: Summon Ice Beast
 19541 | Lair:1   | Entered Level 1 of the Lair of Beasts
 19636 | Lair:1   | Reached skill level 1 in Summonings
 19640 | Lair:1   | Reached skill level 5 in Dodging
 19648 | Lair:1   | Reached XP level 11. HP: 33/44 MP: 9/23
 19795 | Lair:1   | Noticed a death yak
 19798 | Lair:1   | Pacified a death yak
 20012 | Lair:1   | You fall into a shaft and drop 1 floor!
 20050 | Lair:2   | Noticed Maggie
 20058 | Lair:2   | Noticed a boulder beetle
 20071 | Lair:2   | Killed Maggie
 20316 | Lair:1   | Noticed a death yak
 20316 | Lair:1   | Noticed a death yak
 20317 | Lair:1   | Noticed a death yak
 20317 | Lair:1   | Noticed a death yak
 20319 | Lair:1   | Pacified a death yak
 20323 | Lair:1   | Pacified a death yak
 20328 | Lair:1   | Killed a death yak
 20329 | Lair:1   | Killed a death yak
 20354 | Lair:1   | Killed a death yak
 20366 | Lair:1   | Killed a death yak
 20772 | Lair:1   | Identified the +8 scale mail "Nicy" {Stlth+}
 21020 | Lair:2   | Noticed Erica
 21034 | Lair:2   | Killed Erica
 21592 | Lair:2   | Pacified a boulder beetle
 21616 | Lair:2   | Elyvilon protects you from harm!
 21616 | Lair:2   | Elyvilon protects you from harm!
 22378 | Lair:2   | Noticed a death yak
 22379 | Lair:2   | Pacified a death yak
 22380 | Lair:2   | Gained mutation: Your thick and shaggy fur keeps you warm.
                  | (AC +3, rC+) [Felid growth]
 22380 | Lair:2   | Reached XP level 12. HP: 49/49 MP: 22/25
 22380 | Lair:2   | Noticed a death yak
 22380 | Lair:2   | Noticed a death yak
 22381 | Lair:2   | Pacified a death yak
 22381 | Lair:2   | Noticed a death yak
 22382 | Lair:2   | Pacified a death yak
 22383 | Lair:2   | Noticed a death yak
 22385 | Lair:2   | Pacified a death yak
 22386 | Lair:2   | Noticed a death yak
 22387 | Lair:2   | Killed a death yak
 22408 | Lair:2   | Pacified a death yak
 23967 | Lair:3   | Found a hole to the Spider Nest.
 24170 | Lair:3   | Noticed a death yak
 24171 | Lair:3   | Pacified a death yak
 24176 | Lair:3   | Noticed a death yak
 24185 | Lair:3   | Pacified a death yak
 24186 | Lair:3   | Noticed a death yak
 24186 | Lair:3   | Noticed a death yak
 24187 | Lair:3   | Noticed a death yak
 24188 | Lair:3   | Noticed a death yak
 25139 | Lair:3   | Found a staircase to the Shoals.
 25298 | Lair:4   | Found a staircase to the Slime Pits.
 25579 | Lair:4   | Found a runed translucent gate.
 25579 | Lair:4   | Found a runed translucent gate.
 25579 | Lair:4   | Found a runed translucent gate.
 25581 | Lair:4   | Noticed a death yak
 25583 | Lair:4   | Noticed a boulder beetle
 25583 | Lair:4   | Noticed Aricsoirch's ghost (journeyman GrFi)
 25598 | Lair:4   | Noticed a death yak
 25614 | Lair:4   | Pacified a death yak
 25615 | Lair:4   | Reached skill level 5 in Fighting
 25615 | Lair:4   | Noticed a catoblepas
 25620 | Lair:4   | Pacified a catoblepas
 26642 | Lair:4   | Reached XP level 13. HP: 54/54 MP: 23/26
 27151 | Lair:4   | Reached skill level 10 in Hexes
 27461 | Lair:4   | Reached skill level 5 in Conjurations
 28638 | Lair:5   | Entered Level 5 of the Lair of Beasts
 28885 | Lair:5   | Reached skill level 5 in Summonings
 31416 | Lair:5   | HP: 1/55 [cane toad (16)]
 32108 | Lair:5   | Reached skill level 10 in Transmutations
 32510 | Lair:5   | Reached XP level 14. HP: 26/60 MP: 2/28
 33259 | Lair:5   | Found a large runed translucent door.
 33284 | Lair:5   | Elyvilon protects you from harm!
 33756 | Lair:5   | Elyvilon protects you from harm!
 33797 | Lair:5   | Killed from afar by a molten gargoyle
 33798 | Lair:5   | Reached XP level 13. HP: -1/56 MP: 16/27
 33955 | Lair:5   | Killed from afar by a hell hound
 33956 | Lair:5   | Reached XP level 12. HP: -5/53 MP: 18/26
 33958 | Lair:5   | Found a large runed translucent door.
 34886 | D:10     | Learned a level 4 spell: Ice Form
 35099 | Orc:1    | Entered Level 1 of the Orcish Mines
 36284 | D:9      | Bought a book of Transfigurations for 560 gold pieces
 36293 | D:9      | Learned a level 7 spell: Dragon Form
 36681 | Orc:2    | Entered Level 2 of the Orcish Mines
 37562 | Orc:2    | Elyvilon protects you from harm!
 37563 | Orc:2    | Mangled by an orc warrior

Illustrated notes

Levels and vault maps discovered:
D:1:      dpeg_arrival_arbitrary_b, layout_basic, serial_shops,
          nicolae_shop_waterfront, shop, shop,
          nicolae_shop_competitors_out_of_business,
          amcnicky_mini_corridor_feature
D:2:      layout_loops_cross, basic_altar, nrook_loot_triangle, uniq_terence
D:3:      layout_loops_ring
D:4:      layout_loops_ring, minmay_temple_entry_purple_smoke,
          nicolae_ossuary_entry_monument, chequers_serial_rivers_micro_b,
          uniq_sigmund
D:5:      layout_layer_cave, serial_shops, shop
D:6:      layout_gridville, grunt_temple_overflow_cloverleaf,
          nicolae_ashenzari_skybound
D:7:      layout_basic, nicolae_overflow_quartered_altars, skrybe_limestone_x
D:8:      layout_basic, nicolae_dithmenos_shadow_blocks, kennysheep_dice,
          uniq_prince_ribbit1
D:9:      layout_big_octagon, marbit_many_paths, david_orc_4,
          nicolae_transmutations_shop
D:10:     layout_basic, tgw_kikubaaqudgha, ebering_ghost_disaster_area
D:11:     kennysheep_ambush_hall, layout_loops_ring,
          grunt_lair_entry_orc_guard_hut, hangedman_decor_lopped
Lair:1:   layout_hall_layers
Lair:2:   layout_cave_pods, lightli_volcano_entry_magma_tube, uniq_erica,
          uniq_maggie
Lair:3:   layout_roguey, elwin_shoals_entry_stream, spider_nest_entry_rubble,
          minmay_holes, infiniplex_staircase_pool
Lair:4:   layout_concentric_octagons, slime_entry_1, gammafunk_ghost_split,
          serial_bayou_pond_d, nzn_random_ring
Lair:5:   cheibrodos_lair_end_hotspot, layout_cave_shapes,
          grunt_forest_small_clearing_treed
Orc:1:    layout_caves
Orc:2:    st_orc_town, layout_caves, mines4_lemuel

Skill      XL: |  1  2  3  4  5  6  7  8  9 10 11 12 13 14 |
---------------+-------------------------------------------+-----
Poison Magic   | 3 4 5 6 7 9 10 11 | 11.7
Spellcasting   | 3 4 5 7 8 9 |  9.6
Transmutations | 2 3 4 6 7 8 9 10 | 10.7
Invocations    | 2 4 5 6 7 8 9 |  9.2
Hexes          | 5 7 8 9 10 11 | 11.2
Translocations | 5 4 |  5.8
Dodging        | 5 6 7 9 |  9.3
Fighting       | 2 4 5 6 |  6.7
Conjurations   | 2 3 4 5 6 |  6.1
Summonings     | 1 3 6 5 |  6.0
Stealth        | |  2.6

Action                   |  1- 3 |  4- 6 |  7- 9 | 10-12 | 13-15 || total
-------------------------+-------+-------+-------+-------+-------++-------
Melee: Unarmed           |    15 |    13 |    20 |   101 |    19 ||   168
       Bite              |     1 |     1 |     3 |    12 |     3 ||    20
       Punch             |       |       |     1 |       |       ||     1
 Cast: Sting             |    46 |   105 |    78 |   274 |   182 ||   685
       Poisonous Vapours |    18 |    24 |    13 |     5 |    13 ||    73
       Mephitic Cloud    |     1 |     5 |    21 |    46 |    19 ||    92
       Olgreb's Toxic Ra |       |     9 |    39 |   120 |    62 ||   230
       Blink             |       |       |     4 |    20 |     8 ||    32
       Dazzling Flash    |       |       |     1 |    13 |     3 ||    17
       Summon Ice Beast  |       |       |       |    15 |    15 ||    30
       Spider Form       |       |       |       |       |     1 ||     1
Invok: Heal Self         |       |       |     1 |     2 |     2 ||     5
       Heal Other        |       |       |       |    32 |    25 ||    57
Evoke: Wand              |       |       |     1 |     7 |     3 ||    11
  Use: Scroll            |     4 |    13 |     7 |     5 |     1 ||    30
       Potion            |       |     1 |       |     5 |     4 ||    10
 Stab: Sleeping          |       |       |       |     1 |     1 ||     2
       Confused          |       |       |       |     2 |       ||     2
Armor: Skin              |     4 |     5 |     6 |    12 |     9 ||    36
Dodge: Dodged            |    28 |    68 |    80 |   296 |   132 ||   604
Block: Other             |       |       |     2 |    39 |    20 ||    61
       Reflection        |       |       |       |     1 |       ||     1
